 Dungeon Crawl Stone Soup version 0.24.0-123-gd5b16e6ec5 (webtiles) character file.

Game seed: 2550211679301543845, levelgen mode: deterministic

424 Johnny the Digger (level 6, -1/45 HPs)
             Began as a Demigod Earth Elementalist on Feb 8, 2020.
             Slain by an orc
             ... wielding a +0 club
              (4 damage)
             ... on level 4 of the Dungeon.
             The game lasted 00:04:00 (4319 turns).

Johnny the Digger (Demigod Earth Elementalist)      Turns: 4319, Time: 00:04:01

Health: -1/45      AC:  3    Str: 11    XL:     6   Next: 36%
Magic:  4/15       EV: 12    Int: 23    God:
Gold:   195        SH:  0    Dex: 16    Spells: 9/13 levels left

rFire    . . .     SeeInvis +   (no weapon)
rCold    . . .     Gourm    .   (no shield)
rNeg     . . .     Faith    .   c - +0 robe
rPois    .         Spirit   .   (no helmet)
rElec    .         Reflect  .   p - +0 cloak
rCorr    .         Harm     .   (no gloves)
MR       .....                  (no boots)
Stlth    ++........             (no amulet)
HPRegen  0.15/turn              k - ring of see invisible
MPRegen  0.14/turn              (no ring)

@: no status effects
A: high mp 1
a: no special abilities


You were on level 4 of the Dungeon.
You were hungry.

You visited 1 branch of the dungeon, and saw 4 of its levels.
You also visited: Sewer.

You collected 195 gold pieces.

Inventory:

Armour
 c - a +0 robe (worn)
 p - a +0 cloak (worn)
Jewellery
 k - a ring of see invisible (left hand)
Scrolls
 a - 5 scrolls of magic mapping {unknown}
 e - 2 scrolls of fog {unknown}
 f - 4 scrolls of identify {unknown}
 g - 7 scrolls of remove curse {unknown}
 h - 5 scrolls of teleportation {unknown}
 j - 3 scrolls of amnesia {unknown}
 m - 3 scrolls of immolation {unknown}
 s - a scroll of fear {unknown}
Potions
 b - 3 potions of flight
 i - a potion of lignification
Comestibles
 d - 9 rations
 l - a chunk of flesh


   Skills:
 - Level 1.7 Dodging
 - Level 1.7 Stealth
 + Level 4.3 Spellcasting
   Level 0.8 Transmutations
 + Level 5.2 Earth Magic


You had 9 spell levels left.
You knew the following spells:

 Your Spells              Type           Power        Failure   Level  Hunger
a - Sandblast             Erth           ####..       1%          1    None
b - Stone Arrow           Conj/Erth      ###...       11%         3    ##.....

Your spell library contained the following spells:

 Spells                   Type           Power        Failure   Level  Hunger
 Passwall                 Tmut/Erth      ###.....     4%          2    None
 Petrify                  Tmut/Erth      ###.....     28%         4    ####...
 Lee's Rapid Deconstruct  Erth           ####......   32%         5    #####..


Dungeon Overview and Level Annotations

Branches:
Dungeon (4/15)              Sewer (visited)
 Temple: D:4-7


Innate Abilities, Weirdness & Mutations

You have an increased reservoir of magic. (+10% MP)


Message History

The orc is heavily wounded.
The orc hits you with a +0 flail.
* * * LOW HITPOINT WARNING * * *
You barely miss the orc.
The orc is heavily wounded.
You hit the orc.
The orc is heavily wounded.
The orc barely misses you.
You hit the orc but do no damage.
The orc is heavily wounded.
The orc misses you.
You hit the orc but do no damage.
The orc is heavily wounded.
The orc hits you with a +0 flail!
* * * LOW HITPOINT WARNING * * *
You hit the orc.
You kill the orc!
You closely miss the orc. The orc closely misses you.
You closely miss the orc. The orc hits you with a +0 club.
You die...

.# ...
########## .
.## ...
#.#####
#.#.#
#......
#.#.#
#######
#.#.# ..#o#
#.#@# #.#.#
#.#.######
##..........
#..##.##.###
#.###.##.#
#.# #.##.#
#.# #.##.#
#.# #.##.###


You could see an orc.

Vanquished Creatures
  Purgy (Sewer)
  A hound (D:4)
  An orc priest (D:4)
  3 orc wizards (D:4)
  A worker ant (D:4)
  6 adders
  An ooze (D:1)
  A worm (D:4)
  3 dart slugs
  6 leopard geckos
  10 orcs
  3 ball pythons
  7 bats
  7 giant cockroaches
  10 goblins
  3 hobgoblins
  3 quokkas
  4 frilled lizards
  13 kobolds
  2 rats (D:2)
86 creatures vanquished.

Notes
Turn   | Place    | Note
-------+----------+-------------------------------------------
     0 | D:1      | Johnny the Demigod Earth Elementalist began the quest for
                  | the Orb.
     0 | D:1      | Reached XP level 1. HP: 14/14 MP: 5/5
   291 | D:1      | Reached skill level 3 in Earth Magic
   300 | D:1      | Reached XP level 2. HP: 4/20 MP: 0/7
  1459 | D:1      | Reached XP level 3. HP: 15/26 MP: 7/9
  1585 | D:2      | Found a basalt altar of Yredelemnul.
  1658 | D:2      | Found a blossoming altar of Fedhas.
  1988 | D:2      | Found a burning altar of Makhleb.
  2747 | D:3      | Reached XP level 4. HP: 13/33 MP: 6/11
  2946 | D:3      | Found a shimmering altar of Xom.
  2967 | D:3      | Found a shadowy altar of Dithmenos.
  2968 | D:3      | Found a radiant altar of Vehumet.
  3240 | D:3      | Found a glowing golden altar of the Shining One.
  3269 | D:3      | Reached skill level 4 in Earth Magic
  3465 | D:4      | Reached XP level 5. HP: 8/38 MP: 5/13
  3688 | D:4      | Found a glowing drain.
  3698 | Sewer    | Entered a sewer
  3794 | Sewer    | Noticed Purgy
  3801 | Sewer    | Killed Purgy
  3876 | Sewer    | Learned a level 3 spell: Stone Arrow
  3908 | D:4      | Reached XP level 6. HP: 45/45 MP: 15/15
  3911 | D:4      | Reached skill level 5 in Earth Magic
  4253 | D:4      | Found a sacrificial altar of Ru.
  4319 | D:4      | Slain by an orc

Levels and vault maps discovered:
D:1:      dpeg_arrival_connections, layout_basic, minmay_misc_feat_rows,
          nrook_uturn, kennysheep_flooded_box
D:2:      layout_basic, nicolae_overflow_crystal_walls, lemuel_doored_altar,
          bloody_makhleb
D:3:      layout_rooms, tso_altar, grunt_temple_overflow_open
D:4:      layout_loops_ring, nicolae_ru_awakened_eye, gup_sewer_entry_pipe

Skill      XL: |  1  2  3  4  5  6 |
---------------+-------------------+-----
Spellcasting   | 2 3 4 |  4.3
Earth Magic    | 3 4 5 |  5.2
Dodging        | |  1.7
Stealth        | |  1.7
Transmutations | |  0.8

Action                   |  1- 3 |  4- 6 || total
-------------------------+-------+-------++-------
Melee: Unarmed           |   144 |    84 ||   228
 Cast: Sandblast         |    57 |    49 ||   106
       Stone Arrow       |       |    11 ||    11
  Use: Potion            |       |     9 ||     9
 Stab: Sleeping          |     7 |     1 ||     8
  Eat: Chunk             |     6 |     5 ||    11
Armor: Robe              |    27 |    27 ||    54
       Skin              |       |    14 ||    14
Dodge: Dodged            |   121 |    92 ||   213
